 Dungeon Crawl Stone Soup version 0.14-a0-953-g9e7f188 (webtiles) character file.

19741 PolkaDot the Cloud Mage (level 12, -1/74 HPs)
             Began as a Vampire Conjurer on Nov 20, 2013.
             Was a High Priest of Vehumet.
             Shot with an arrow by a centaur warrior (21 damage)
             ... on Level 14 of the Dungeon.
             The game lasted 01:43:02 (14650 turns).

PolkaDot the Cloud Mage (Vampire Conjurer)         Turns: 14650, Time: 01:43:02

HP  -1/74        AC  9     Str 10      XL: 12   Next: 34%
MP  31/35        EV 14     Int 26      God: Vehumet [*****.]
Gold 572         SH  0     Dex 14      Spells:  7 memorised,  6 levels left

Res.Fire  : . . .   See Invis. : +   t - +6,+8 long sword of Groaq {freeze, rElec rPois Int+2}
Res.Cold  : . . .   Warding    : +   m - -5 robe "Arag" {Dex+2 Int+3}
Life Prot.: + . .   Conserve   : .   (no shield)
Res.Poison: +       Res.Corr.  : .   (no helmet)
Res.Elec. : +       Clarity    : .   O - +1 cloak {darkness}
Sust.Abil.: . .     Spirit.Shd : .   f - +2 pair of dwarf gloves {Str+3}
Res.Mut.  : .       Stasis     : .   G - +0 pair of boots {Fly}
Res.Rott. : .       Flight     : +   z - amulet of warding
Saprovore : . . .                    l - +4 ring of protection
                                     B - ring of magical power

@: regenerating quickly, flying, very slightly contaminated, hasted, very quick,
somewhat resistant to hostile enchantments, stealthy
A: bottle blood, fangs 3, yellow scales 1, see invisible, clumsy 1, wild magic
2, unbreathing
a: Bottle Blood, Renounce Religion, Evoke Invisibility, Stop Flying


You were on level 14 of the Dungeon.
You worshipped Vehumet.
Vehumet was extremely pleased with you.
You were full.

You visited 2 branches of the dungeon, and saw 15 of its levels.
You also visited: Bailey.

You collected 968 gold pieces.
You spent 396 gold pieces at shops.

Inventory:

Hand weapons
 t - the +6,+8 long sword of Groaq (weapon) {freeze, rElec rPois Int+2}
   (You found it on level 5 of the Dungeon)

   It has been specially enchanted to freeze those struck by it, causing extra
   injury to most foes and up to double damage against particularly susceptible
   opponents.
   It can also slow down cold-blooded creatures.
   It affects your intelligence (+2).
   It insulates you from electricity.
   It protects you from poison.
Armour
 f - a +2 pair of dwarven gloves of strength (worn)
 m - the -5 robe "Arag" (worn) {Dex+2 Int+3}
   (You found it on level 5 of the Dungeon)

   It affects your intelligence (+3).
   It affects your dexterity (+2).
 G - a +0 pair of boots of flying (worn)
 O - a +1 cloak of darkness (worn)
Magical devices
 d - a wand of cold (4)
 k - a wand of paralysis (8)
 n - a wand of fireball (2)
 s - a wand of flame (13)
 u - a wand of invisibility (3)
 A - a wand of teleportation (2)
 C - a wand of magic darts (16)
 D - a wand of cold (4)
 E - a wand of random effects (9)
 H - a wand of slowing (7) {unknown}
 L - a wand of fire (2)
 N - a wand of lightning (5)
 Q - a wand of confusion (12) {unknown}
 S - a wand of flame (7)
 T - a wand of confusion (9) {unknown}
Scrolls
 b - 3 scrolls of teleportation
 e - 3 scrolls of remove curse
 j - 2 scrolls of identify
 p - a scroll of enchant weapon II
 q - 3 scrolls of enchant weapon I
 w - 2 scrolls of magic mapping
 x - a scroll of amnesia
 y - a scroll of enchant armour
 F - a scroll of fear
 K - a scroll of acquirement
 M - a scroll of enchant weapon III {unknown}
Jewellery
 i - a +4 ring of evasion
 l - a +4 ring of protection (right hand)
 r - an uncursed ring of ice
 v - an uncursed ring of positive energy
 z - an amulet of warding (around neck)
 B - a ring of magical power (left hand)
 R - a +3 ring of strength {unknown}
Potions
 a - a potion of might
 g - a potion of restore abilities
 h - 2 potions of agility
 I - 5 potions of curing
 P - 2 potions of resistance
Books
 c - a book of Conjurations

   Spells                             Type                      Level
   *Magic Dart                        Conjuration                  1
   *Searing Ray                       Conjuration                  2
   Dazzling Spray                     Conjuration/Hexes            3
   *Iskenderun's Mystic Blast         Conjuration                  4
   *Iskenderun's Battlesphere         Conjuration/Charms           4
   Fulminant Prism                    Conjuration/Hexes            5


   Skills:
 + Level 3.8 Dodging
 - Level 3.0 Stealth
 - Level 6.6 Spellcasting
 + Level 10.1 Conjurations
 - Level 7.8 Charms
 * Level 12.3 Air Magic


You had 6 spell levels left.
You knew the following spells:

 Your Spells              Type           Power        Failure   Level  Hunger
a - Magic Dart            Conj           ####         1%          1    None
c - Conjure Flame         Conj/Fire      ######..     4%          3    None
d - Iskenderun's Mystic   Conj           #######.     2%          4    ###....
s - Searing Ray           Conj           ######       1%          2    None
x - Shock                 Conj/Air       ####         1%          1    None
z - Iskenderun's Battles  Conj/Chrm      #######.     2%          4    ###....
A - Static Discharge      Conj/Air       #######.     1%          3    None


Dungeon Overview and Level Annotations

Branches:
Dungeon (14/16)            Temple (1/1) D:5             Orc (0/4) D:9
   Lair (0/8) D:8

Altars:
Ashenzari
Cheibriados
Elyvilon
Fedhas
Kikubaaqudgha
Makhleb
Nemelex Xobeh
Okawaru
Sif Muna
Trog
Vehumet
Xom
Yredelemnul
Zin
the Shining One

Shops:
D:5 *   D:10 %[[[

Annotations:
D:3 araganzar's ghost, experienced FoAK


Innate Abilities, Weirdness & Mutations

Your natural rate of healing is unusually fast.
You can bottle blood from corpses.
You have razor-sharp teeth.*
You have supernaturally acute eyesight.
You can survive without breathing.*
You are partially covered in yellow scales (AC +2).*
You are clumsy. (Dex -2)
Your spells are harder to cast, but more powerful.+


Message History

As you read the scroll of teleportation, it crumbles to dust.
You feel strangely unstable.
Drink which item? (? for menu, Esc to quit)
You feel yourself speed up.
The eight-headed hydra roars!
You are very lightly contaminated with residual magic.
A yak comes into view.
Drink which item? (? for menu, Esc to quit)
Okay, then.
Read which item? (? for menu, Esc to quit)
Okay, then.
Drink which item? (? for menu, Esc to quit)
Okay, then.
Read which item? (? for menu, Esc to quit)
Blink to where?
Press: ? - help, Dir - move target cursor, p - eight-headed hydra
As you read the scroll of blinking, it crumbles to dust.
Your surroundings suddenly seem different.
The centaur warrior shoots an arrow.
The arrow hits you!
You die...

... ... #.#####. #..
... ..Z.#......# .. #.#
....######.# . #.
#.##...........#
#Y##.###.....C#########
...........#...........
#.....c.....#########
###.....##.....
..##@...##..##
.c.##.......#
#...#..###..# #.c.##D#
#§.# # #..D.#.###..# #
#....#......# #
#...#.##...#########
#..(#.##.....>.%%...
##..(..c...#########


You could see an eight-headed hydra, a hill giant, a centaur warrior and a yak
(sleeping).

Vanquished Creatures
  An orc warlord (Bailey)
  Josephine (D:12)
  A centaur warrior (D:10)
  2 hill giants
  A wolf spider zombie (D:12)
  Maurice (D:10)
  5 cyclopes
  Psyche (D:10)
  5 trolls
  A two-headed ogre (D:12)
  3 wyverns
  A basilisk (D:8)
  A trapdoor spider (D:11)
  3 ugly things (D:13)
  9 yaks
  A shadow (D:13)
  Eustachio (D:9)
  A hill giant skeleton (D:12)
  Grum (D:8)
  A merfolk (D:7)
  A manticore (D:12)
  2 hippogriffs
  3 wolves (D:8)
  Edmund (D:8)
  17 orc warriors
  3 porcupines (D:8)
  4 ice beasts
  2 phantoms (D:6)
  4 ogres
  2 sky beasts
  7 centaurs
  A crocodile (D:8)
  6 giant frogs
  A brain worm (D:12)
  A water moccasin (D:10)
  2 big kobolds
  A manticore zombie (D:6)
  3 giant slugs (D:8)
  A hill giant simulacrum (D:12)
  A troll zombie (D:12)
  An eye of draining (D:10)
  2 yak zombies (D:12)
  2 hippogriff skeletons
  3 wights (D:12)
  4 killer bees (D:14)
  4 crimson imps
  3 goliath beetles
  10 hounds
  A two-headed ogre zombie (D:9)
  2 big fish (D:7)
  2 jellies
  Crazy Yiuf (D:4)
  4 iguanas
  7 orc wizards
  A soldier ant zombie (D:12)
  6 scorpions
  4 orc priests
  5 worker ants
  A hippogriff simulacrum (D:12)
  10 sheep
  Ijyb (D:5)
  A crocodile zombie (D:6)
  A hound skeleton (D:7)
  3 green rats (D:8)
  13 gnolls
  8 adders
  A crocodile simulacrum (D:12)
  A giant centipede (D:11)
  2 giant mites
  3 worms
  An adder skeleton (D:10)
  4 giant eyeballs
  8 giant geckos
  An ooze (D:2)
  65 orcs
  A ball python (D:7)
  A bat skeleton (D:6)
  3 giant cockroaches
  21 hobgoblins
  11 jackals
  20 kobolds
  2 quokkas (D:7)
  13 bats
  4 giant newts
  4 giant spores
  29 goblins
  2 hobgoblin skeletons
  An orc zombie (D:8)
  A quokka zombie (D:7)
  14 rats
  24 ballistomycetes
441 creatures vanquished.

Vanquished Creatures (others)
  A water elemental (D:14)
  A crocodile (D:8)
  A jellyfish (D:14)
  2 electric eels (D:14)
  3 giant spores
  A kobold (D:8)
  A ballistomycete (D:8)
10 creatures vanquished.

Grand Total: 451 creatures vanquished

Notes
Turn   | Place    | Note
--------------------------------------------------------------
     0 | D:1      | PolkaDot, the Vampire Conjurer, began the quest for the Orb.
     0 | D:1      | Reached XP level 1. HP: 13/13 MP: 4/4
   665 | D:1      | Reached XP level 2. HP: 19/19 MP: 1/5
  1424 | D:1      | Reached XP level 3. HP: 17/24 MP: 0/6
  1480 | D:1      | Learned a level 2 spell: Searing Ray
  1970 | D:2      | Paralysed by a potion of paralysis for 7 turns
  2261 | D:2      | Reached skill level 4 in Conjurations
  2586 | D:2      | Found a blossoming altar of Fedhas.
  3058 | D:3      | Reached XP level 4. HP: 30/30 MP: 4/8
  3685 | D:3      | Found a burning altar of Makhleb.
  3811 | D:3      | Noticed araganzar's ghost (experienced FoAK)
  4328 | D:4      | Reached XP level 5. HP: 35/35 MP: 5/10
  4388 | D:4      | Found a shimmering altar of Xom.
  4585 | D:4      | Noticed Crazy Yiuf
  4592 | D:4      | Learned a level 4 spell: Iskenderun's Battlesphere
  4600 | D:4      | Killed Crazy Yiuf
  4863 | D:5      | Entered Level 5 of the Dungeon
  4874 | D:5      | Noticed an ogre
  4879 | D:5      | Killed an ogre
  4879 | D:5      | Reached skill level 5 in Conjurations
  4879 | D:5      | Reached skill level 1 in Charms
  4879 | D:5      | Reached XP level 6. HP: 36/41 MP: 6/12
  4957 | D:5      | Paralysed by a giant eyeball for 3 turns
  5344 | D:5      | Got a fabulously ornate robe
  5345 | D:5      | Identified the cursed -5 robe "Arag" {Dex+2 Int+3} (You found it on level 5 of the Dungeon)
  5414 | D:5      | Found Imuat's Assorted Antiques.
  5420 | D:5      | Bought a scroll labeled BENLIGH REBB for 17 gold pieces
  5512 | D:5      | Found a staircase to the Ecumenical Temple.
  5514 | D:5      | Got a slimy long sword
  5515 | D:5      | Identified the +6,+8 long sword of Groaq {freeze, rElec rPois Int+2} (You found it on level 5 of the Dungeon)
  5521 | Temple   | Entered the Ecumenical Temple
  5612 | Temple   | Became a worshipper of Vehumet
  5815 | D:5      | Reached XP level 7. HP: 44/46 MP: 6/15
  5847 | D:5      | Noticed Ijyb
  5854 | D:5      | Killed Ijyb
  5966 | D:5      | Found Zin's Purification Station.
  5969 | D:5      | Found a glowing silver altar of Zin.
  5972 | D:5      | Bought a potion of restore abilities for 90 gold pieces
  6062 | D:5      | Found a blossoming altar of Fedhas.
  6354 | D:6      | Reached skill level 6 in Conjurations
  6490 | D:6      | Reached XP level 8. HP: 52/52 MP: 7/18
  6525 | D:6      | Acquired Vehumet's first power
  6525 | D:6      | Offered knowledge of Shock by Vehumet.
  6531 | D:6      | Learned a level 1 spell: Shock
  6536 | D:6      | Learned a level 4 spell: Iskenderun's Mystic Blast
  6611 | D:6      | Reached skill level 1 in Air Magic
  6853 | D:6      | Found a glowing golden altar of the Shining One.
  7050 | D:6      | Found an ancient bone altar of Kikubaaqudgha.
  7554 | D:7      | Reached skill level 5 in Charms
  7620 | D:7      | Reached skill level 7 in Conjurations
  7809 | D:7      | Found a deep blue altar of Sif Muna.
  7882 | D:7      | Reached XP level 9. HP: 53/57 MP: 20/20
  8095 | D:7      | Reached skill level 5 in Air Magic
  8221 | D:8      | Offered knowledge of Freeze by Vehumet.
  8313 | D:8      | Found a staircase to the Lair.
  8364 | D:8      | Noticed Edmund
  8558 | D:8      | Killed Edmund
  8892 | D:8      | Noticed Grum
  8899 | D:8      | Killed Grum
  8905 | D:8      | Reached XP level 10. HP: 42/63 MP: 21/21
  9003 | D:8      | Offered knowledge of Static Discharge by Vehumet.
  9008 | D:8      | Learned a level 3 spell: Static Discharge
  9234 | D:8      | Reached skill level 8 in Air Magic
  9609 | D:9      | Found a staircase to the Orcish Mines.
  9696 | D:9      | Found an iron altar of Okawaru.
  9702 | D:9      | Acquired Vehumet's second power
  9846 | D:9      | Gained mutation: You are clumsy. (Dex -2) [potion of mutation]
  9846 | D:9      | Gained mutation: Your spells are a little harder to cast, but a little more powerful. [potion of mutation]
  9846 | D:9      | Gained mutation: You are partially covered in yellow scales (AC +2). [potion of mutation]
  9883 | D:9      | Noticed Eustachio
  9891 | D:9      | Killed Eustachio
  9939 | D:9      | Found a snail-covered altar of Cheibriados.
 10052 | D:9      | Reached skill level 9 in Air Magic
 10107 | D:9      | Offered knowledge of Olgreb's Toxic Radiance by Vehumet.
 10300 | D:9      | Found a basalt altar of Yredelemnul.
 10453 | D:10     | Entered Level 10 of the Dungeon
 10472 | D:10     | Found Shan's Armour Emporium.
 10472 | D:10     | Noticed Psyche
 10480 | D:10     | Killed Psyche
 10489 | D:10     | Bought a +0 pair of boots of flying for 105 gold pieces
 10547 | D:10     | Found a flagged portal.
 10572 | Bailey   | Entered a bailey
 10678 | Bailey   | Acquired Vehumet's third power
 10756 | Bailey   | Offered knowledge of Conjure Flame by Vehumet.
 11019 | Bailey   | Learned a level 3 spell: Conjure Flame
 11034 | Bailey   | Offered knowledge of Venom Bolt by Vehumet.
 11166 | Bailey   | Noticed an orc warlord
 11191 | Bailey   | Reached skill level 10 in Air Magic
 11193 | Bailey   | Killed an orc warlord
 11193 | Bailey   | Reached skill level 5 in Spellcasting
 11193 | Bailey   | Reached XP level 11. HP: 46/68 MP: 7/23
 11334 | D:10     | Got an ancient hand axe
 11336 | D:10     | Identified the cursed -1,+0 hand axe of Chance {chop, rElec rF+ Dex+3} (You found it on level 10 of the Dungeon)
 11338 | D:10     | Gained mutation: Your spells are harder to cast, but more powerful. [potion of beneficial mutation]
 11360 | D:10     | Found Saumeeng's Antique Armour Boutique.
 11370 | D:10     | Bought a crude robe for 148 gold pieces
 11371 | D:10     | Identified the -4 robe "Liuruokucw" {rF+} (You bought it in a shop on level 10 of the Dungeon)
 11373 | D:10     | Bought a pair of embroidered dwarven gloves for 36 gold pieces
 11519 | D:10     | Noticed Maurice
 11528 | D:10     | Killed Maurice
 11542 | D:10     | Found Asoimez's Armour Shop.
 11564 | D:10     | Noticed a centaur warrior
 11577 | D:10     | Killed a centaur warrior
 11876 | D:10     | Noticed a hill giant
 11881 | D:10     | Killed a hill giant
 11921 | D:10     | Found Bruasm's Food Emporium.
 12258 | D:11     | Reached skill level 11 in Air Magic
 13167 | D:12     | Noticed Josephine
 13170 | D:12     | Killed Josephine
 13524 | D:12     | Reached XP level 12. HP: 74/74 MP: 18/26
 13565 | D:12     | Somebody: Hi. How'se your VpCjs doing?
 13576 | D:12     | PolkaDot: LOOOOK AT IT
 13576 | D:12     | PolkaDot: it's amazing
 13576 | D:12     | PolkaDot: It's like, THE ONE
 13576 | D:12     | Somebody: Show me.
 13576 | D:12     | Somebody: Huh. Interesting.
 13576 | D:12     | PolkaDot: early quaff id gave me AC and INT
 13576 | D:12     | PolkaDot: later quaff too kaway INT but gave wild magic twice
 13576 | D:12     | Somebody: What do you have in your 'i' that you won't be ashamed about?
 13576 | D:12     | PolkaDot: xD
 13576 | D:12     | Somebody: ...the usual spell set.
 13576 | D:12     | PolkaDot: Wild magic 2 and look at those success rates :D
 13576 | D:12     | Somebody: It's pretty good.
 13576 | D:12     | PolkaDot: POWAH
 13576 | D:12     | PolkaDot: That robe... I questioned
 13576 | D:12     | PolkaDot: -5 is probably not worth, but I took the chance
 13576 | D:12     | PolkaDot: but I think the INT helped, so yeah
 13576 | D:12     | Somebody: "Power overwhelming, it burns like a hot chilly cookoff".
 13576 | D:12     | PolkaDot: ^ oh? what's that from?
 13576 | D:12     | Somebody: Dungeons of Dredmor.
 13576 | D:12     | Somebody: Well, I am going to question your sanity for wearing it, that's for sure.
 13576 | D:12     | PolkaDot: I'll google it later
 13576 | D:12     | PolkaDot: Hey, it's worked so far
 13576 | D:12     | PolkaDot: took down an orc warlord earlier
 13576 | D:12     | PolkaDot: it was BEAUTIFUL
 13576 | D:12     | PolkaDot: though, tbf
 13576 | D:12     | Somebody: Add this do your morgue file — "Hey, it's worked so far". :)
 13576 | D:12     | PolkaDot: xD
 13576 | D:12     | PolkaDot: I did burn thorgh a lot of hw earlier
 13576 | D:12     | PolkaDot: but since I'm killing everything with ease atm, I'm not worrying 'til the end of Lair
 13576 | D:12     | Somebody: It's a good character, although I question wearing that robe *very* much.
 13576 | D:12     | PolkaDot: Yeah, it was advised against in ##crawl, even
 13576 | D:12     | Somebody: You probably recieve about 1% spell success from it and 1 Ev, but lose 8 AC.
 13576 | D:12     | Somebody: Well, you can count on ##crawl to advise you to do obvious things.
 13576 | D:12     | Somebody: (That's your character, though, so it's very much your choice.)
 13576 | D:12     | Somebody: I have a still-surviving quite good DENe. Want to take a look?
 13576 | D:12     | PolkaDot: Sure
 13576 | D:12     | PolkaDot: I need to take a break anyway
 13576 | D:12     | Somebody: I could use advise on a few things.
 13858 | D:12     | Paralysed by a giant eyeball for 3 turns
 13877 | D:12     | Reached skill level 12 in Air Magic
 13890 | D:12     | Reached skill level 10 in Conjurations
 13951 | D:12     | Identified a scroll of acquirement
 14359 | D:13     | Ladykiller69: do you train swords?
 14360 | D:13     | PolkaDot: Not yet
 14360 | D:13     | Ladykiller69: dont start
 14360 | D:13     | Ladykiller69: you have brokensphere
 14360 | D:13     | PolkaDot: brokensphere?
 14360 | D:13     | Ladykiller69: any other char needs a weapon
 14360 | D:13     | PolkaDot: never heard it called that :p
 14360 | D:13     | Ladykiller69: but not a char that has battlepshere
 14488 | D:13     | Ladykiller69: which is why I love it
 14505 | D:13     | PolkaDot: it is crazy powerful
 14613 | D:14     | Ladykiller69: that may be an understatement
 14614 | D:14     | PolkaDot: Best thing about that this game?
 14614 | D:14     | Ladykiller69: ?
 14614 | D:14     | PolkaDot: Wild magic 2, while helped by Veh's wiz boost
 14614 | D:14     | Ladykiller69: oh my.
 14614 | D:14     | PolkaDot: way way early
 14614 | D:14     | PolkaDot: Dunno how it's gonna effect Tornado, doubt it'll matter too much though
 14628 | D:14     | Noticed an eight-headed hydra
 14645 | D:14     | Ladykiller69: try to not lose it all
 14645 | D:14     | PolkaDot: meep ^^;
 14650 | D:14     | Shot with an arrow by a centaur warrior

Action                   |  1- 3 |  4- 6 |  7- 9 | 10-12 || total
-------------------------+-------+-------+-------+-------++-------
Melee: Unarmed           |    40 |     1 |       |       ||    41
       Dagger            |       |    39 |       |       ||    39
       Long sword        |       |     5 |   138 |   135 ||   278
 Cast: Magic Dart        |   116 |    42 |    21 |    84 ||   263
       Searing Ray       |       |    18 |    45 |    38 ||   101
       Iskenderun's Batt |       |       |    14 |    45 ||    59
       Iskenderun's Myst |       |       |       |   104 ||   104
       Conjure Flame     |       |       |       |     8 ||     8
       Static Discharge  |       |       |       |     2 ||     2
 Abil: Bottle Blood      |       |       |       |    28 ||    28
       Evoke Flight      |       |       |       |     1 ||     1
Evoke: Wand              |       |       |     2 |       ||     2
  Use: Potion            |     4 |     3 |     3 |    45 ||    55
       Scroll            |       |    18 |     7 |    10 ||    35
 Stab: Invisible         |     1 |       |       |       ||     1
       Sleeping          |       |     5 |     8 |     6 ||    19
